 Dungeon Crawl Stone Soup version 0.29-a0-384-g6960b1960d (webtiles) character file.

Game seed: 8772295578435443585

58 zishaf the Grasshopper (level 4, -2/35 HPs)
             Began as a Barachi Warper on May 6, 2022.
             Slain by a worm (8 damage)
             ... on level 2 of the Dungeon.
             The game lasted 00:03:15 (2489 turns).

zishaf the Grasshopper (Barachi Warper)             Turns: 2489, Time: 00:03:15

Health: -2/35      AC:  3    Str: 12    XL:     4   Next: 2%
Magic:  7/7        EV: 11    Int: 15    God:
Gold:   29         SH:  0    Dex: 12    Spells: 2/7 levels left

rFire   . . .      SeeInvis +   a - +0 falchion
rCold   . . .      Faith    .   (no shield)
rNeg    . . .      Spirit   .   b - +0 leather armour
rPois   .          Reflect  .   (no helmet)
rElec   .          Harm     .   (no cloak)
rCorr   .          Rampage  .   (no gloves)
Will    .....                   (no boots)
Stlth   +.........              (no amulet)
HPRegen 0.11/turn               i - ring of see invisible
MPRegen 0.10/turn               (no ring)

@: slow
A: amphibious, slowness 1, strong legs 1, +LOS
a: Hop


You were on level 2 of the Dungeon.
You visited 1 branch of the dungeon, and saw 2 of its levels.

You collected 29 gold pieces.

Inventory:

Hand Weapons
 a - a +0 falchion (weapon)
Missiles
 d - 7 boomerangs of dispersal (quivered)
 n - 5 poisoned darts
Armour
 b - a +0 leather armour (worn)
Jewellery
 i - a ring of see invisible (left hand)
Scrolls
 c - a scroll of blinking
 f - a scroll of vulnerability {unknown}
 h - a scroll of magic mapping {unknown}
 j - a scroll of fog {unknown}
 k - 2 scrolls of teleportation {unknown}
 l - a scroll of summoning {unknown}
Potions
 e - a potion of brilliance {unknown}
 g - 2 potions of magic {unknown}
 m - 2 potions of curing {unknown}


   Skills:
 + Level 3.4 Fighting
 + Level 3.4 Long Blades
 - Level 1.0 Throwing
 - Level 1.2 Armour
 - Level 2.1 Dodging
 + Level 2.4 Spellcasting
 + Level 3.9 Translocations


You had 2 spell levels left.
You knew the following spells:

 Your Spells              Type           Power      Damage    Failure   Level
a - Blink                 Tloc           26%        N/A       9%          2
b - Gell's Gravitas       Tloc           13%        N/A       16%         3

Your spell library contained the following spells:

 Spells                   Type           Power      Damage    Failure   Level
 Lesser Beckoning         Tloc           13%        N/A       16%         3
 Teleport Other           Tloc           13%        N/A       16%         3
 Manifold Assault         Tloc           13%        N/A       83%         5


Dungeon Overview and Level Annotations

Branches:
Dungeon (2/15)

Altars:


Innate Abilities, Weirdness & Mutations

You are amphibious.
You cover ground slowly.
You can hop short distances.
You have an extended range of vision and can be seen from far away.


Message History

The worm is severely wounded.
The worm bites you.
You slash the worm!
You kill the worm!
You have reached level 4!
You feel agile.
A worm comes into view.
You hit the worm but do no damage. You barely miss the worm.
The worm bites you.
You slash the worm!
The worm is heavily wounded.
The worm closely misses you.
You hit the worm.
The worm is severely wounded.
You barely miss the worm.
The worm is severely wounded.
The worm bites you.
You hit the worm but do no damage.
The worm is severely wounded.
The worm bites you.
You are too injured to fight recklessly!
You are too injured to fight recklessly!
You hit the worm but do no damage.
The worm is heavily wounded.
You barely miss the worm.
The worm is heavily wounded.
The worm bites you.
You hit the worm.
The worm is almost dead.
The worm misses you.
You hit the worm but do no damage.
The worm is severely wounded.
The worm bites you!
* * * LOW HITPOINT WARNING * * *
You hit the worm.
The worm is almost dead.
You barely miss the worm.
The worm is almost dead.
The worm bites you!
You die...

.........# #...#.....#.. #...
......###...#.....#.. +..
...(...##...#.....#.. #..
.....##...#.....#.. #...
#..............#.) ...
#..............#.. ...
#................. .#####.#
#....<............ #.
........###@...†............
#.. #.......w........#........
#... #................#........
#...##.........................
.........##...........#........
.........##...........#....##'#
......................#........
......................###'#....
......................# #.#....


You could see a worm.

Vanquished Creatures
  An adder (D:2)
  A worm (D:2)
  A ball python (D:2)
  5 endoplasms
  3 goblins
  A hobgoblin (D:1)
  11 jackals
  6 bats
  5 frilled lizards
  5 kobolds
  3 rats (D:1)
42 creatures vanquished.

Notes
Turn   | Place    | Note
-------+----------+-------------------------------------------
     0 | D:1      | zishaf the Barachi Warper began the quest for the Orb.
     0 | D:1      | Reached XP level 1. HP: 17/17 MP: 3/3
   394 | D:1      | Reached XP level 2. HP: 12/23 MP: 5/5
  1369 | D:1      | Reached XP level 3. HP: 28/29 MP: 6/6
  1376 | D:1      | Learned a level 2 spell: Blink
  1380 | D:1      | Learned a level 3 spell: Gell's Gravitas
  2417 | D:2      | Reached XP level 4. HP: 21/35 MP: 7/7
  2489 | D:2      | Slain by a worm

Illustrated notes

Levels and vault maps discovered:
D:1:      sevenhm_arrival_forest_fort_large_1, layout_loops_corners
D:2:      layout_basic, minmay_tetromino_o2

Skill      XL: |  1  2 |
---------------+-------+-----
Long Blades    | 3 |  3.4
Fighting       | 3 |  3.4
Throwing       | |  1.0
Armour         | |  1.2
Dodging        | |  2.1
Spellcasting   | |  2.4
Translocations | |  3.9

Action                   |  1- 3 |  4- 6 || total
-------------------------+-------+-------++-------
Melee: Falchion          |   149 |    12 ||   161
       Punch             |     2 |       ||     2
 Cast: Gell's Gravitas   |     1 |       ||     1
 Abil: Hop               |     1 |       ||     1
Armor: Leather armour    |    56 |       ||    56
Dodge: Dodged            |    98 |     2 ||   100

Table legend: (Time is in decaauts)
 A = Elapsed time spent in this place.
 B = Non-inter-level travel time spent in this place.
 C = Inter-level travel time spent in this place.
 D = Time resting spent in this place.
 E = Time spent auto-exploring this place.
 F = Levels seen in this place.
 G = Mean time per level.
                   A        B        C        D        E       F      G
               +--------+--------+--------+--------+--------+-----+--------+
         Total |   2695 |   2628 |     67 |    536 |   1716 |   2 | 1347.5 |
       Dungeon |   2695 |   2628 |     67 |    536 |   1716 |   2 | 1347.5 |
               +--------+--------+--------+--------+--------+-----+--------+

Top non-repeatable levels by time:
     D:1: 1865 daAuts
     D:2: 830 daAuts
